 Dungeon Crawl Stone Soup version 0.27.1-4-g1640c2035a (webtiles) character file.

Game seed: 18236849980166584791

172 zeram the Chopper (level 5, -1/45 HPs)
             Began as a Hill Orc Fighter on Nov 11, 2021.
             Slain by an orc priest (5 damage)
             ... on level 3 of the Dungeon.
             The game lasted 00:03:54 (3280 turns).

zeram the Chopper (Hill Orc Fighter)                Turns: 3280, Time: 00:03:54

Health: -1/45      AC:  7    Str: 20    XL:     5   Next: 53%
Magic:  5/5        EV:  7    Int:  8    God:
Gold:   94         SH:  9    Dex: 10    Spells: 4/4 levels left

rFire    . . .     SeeInvis .   a - +0 war axe
rCold    . . .     Faith    .   c - +0 kite shield
rNeg     . . .     Spirit   .   b - +0 scale mail
rPois    .         Reflect  .   (no helmet)
rElec    .         Harm     .   (no cloak)
rCorr    .         Rampage  .   (no gloves)
Will     .....                  (no boots)
Stlth    ..........             (no amulet)
HPRegen  0.15/turn              (no ring)
MPRegen  0.09/turn              (no ring)

@: mighty
A: no striking features
a: Convert to Beogh


You were on level 3 of the Dungeon.
You visited 1 branch of the dungeon, and saw 3 of its levels.

You collected 94 gold pieces.

Inventory:

Hand Weapons
 a - a +0 war axe (weapon)
Armour
 b - a +0 scale mail (worn)
 c - a +0 kite shield (worn)
Scrolls
 e - a scroll of amnesia
 g - a scroll of enchant armour {unknown}
Potions
 f - 2 potions of curing


   Skills:
 - Level 3.6 Fighting
 + Level 4.9 Axes
 + Level 4.6 Armour
 + Level 4.5 Shields


You had 4 spell levels left.
You didn't know any spells.
Your spell library contained the following spells:

 Spells                   Type           Power      Damage    Failure   Level
 Animate Skeleton         Necr           0%         N/A       99%         1
 Pain                     Necr           0%         1d4       99%         1
 Vampiric Draining        Necr           0%         2d6       100%        3


Dungeon Overview and Level Annotations

Branches:
Dungeon (3/15)

Altars:


Message History

You barely miss the orc. The orc hits you with a +0 flail.
You barely miss the orc. The orc hits you with a +0 flail.
You block the orc's attack.
You feel very mighty all of a sudden. The orc completely misses you.
You slash the orc!
You kill the orc!
The orc priest mumbles some strange prayers to Beogh against you.
Beogh smites you!
* * * LOW HITPOINT WARNING * * *
Unknown command.
The orc priest hits you but does no damage.
There is an open door, spattered with blood here.
Items here: )))) [ ††.
You completely miss the orc priest. You block the orc priest's attack.
The orc priest hits you with a +0 dagger.
* * * LOW HITPOINT WARNING * * *
You slash the orc priest!
The orc priest shouts, "Beogh is our master!
Accept the truth or die!"
The orc priest is heavily wounded.
The orc priest hits you with a +0 dagger.
* * * LOW HITPOINT WARNING * * *
You hit the orc priest.
The orc priest is severely wounded.
The orc priest hits you but does no damage.
You block the orc priest's attack.
You closely miss the orc priest.
The orc priest is severely wounded.
The orc priest barely misses you.
You barely miss the orc priest.
The orc priest is severely wounded.
The orc priest mumbles some strange prayers to Beogh against you.
Pain shoots through your body!
* * * LOW HITPOINT WARNING * * *
You block the orc priest's attack.
You hit the orc priest.
The orc priest is almost dead.
The orc priest shouts, "Join the one true god or die!"
The orc priest hits you with a +0 dagger.
You die...

##############* **,** *, #.#.#
*,* *, #.#.# *,* *, #...# *#+##
*, ##.## *#...##*******, ##.#####
*#>....#*,,,,,,, #......#
##.......*,****,,
########......###........,,***,,,
................@o.......,,,,,,,,
########...[..###........,,**,,,,
# #..#.#.# ##.[.....*,,,,,,, #
#......# *#.....#*****,,, #
##.##### *#...## *,*, # #.#
***#+##** *,** # #.# *,,,,,,,*
*,* # *.# *,**,**,* *,* # *,*
*,**,**,* *,*


You could see an orc priest.

Vanquished Creatures
  A hound (D:2)
  Terence (D:3)
  4 adders
  A dart slug (D:1)
  6 orcs (D:3)
  6 ball pythons
  9 endoplasms
  5 giant cockroaches
  3 goblins
  4 hobgoblins
  2 jackals (D:2)
  2 quokkas (D:1)
  8 bats
  5 frilled lizards
  8 kobolds
  8 rats
73 creatures vanquished.

Notes
Turn   | Place    | Note
-------+----------+-------------------------------------------
     0 | D:1      | zeram the Hill Orc Fighter began the quest for the Orb.
     0 | D:1      | Reached XP level 1. HP: 19/19 MP: 1/1
   202 | D:1      | Reached XP level 2. HP: 25/26 MP: 2/2
   436 | D:1      | Reached XP level 3. HP: 28/31 MP: 3/3
  1277 | D:2      | Reached XP level 4. HP: 26/39 MP: 4/4
  1399 | D:2      | Found a faded altar of an unknown god.
  2204 | D:2      | Reached XP level 5. HP: 43/45 MP: 5/5
  2647 | D:3      | Noticed Terence
  2651 | D:3      | Killed Terence
  3280 | D:3      | Slain by an orc priest

Illustrated notes

Levels and vault maps discovered:
D:1:      evilmike_arrival_plus, layout_basic
D:2:      layout_loops_corners, shapermc_ecumenical_altar_starsandcircs,
          serial_forest, infiniplex_forest_lined_3_way, infiniplex_forest_end_3,
          infiniplex_forest_lined_room_, infiniplex_forest_lined_room_3,
          infiniplex_forest_straight_1, infiniplex_forest_lined_room_,
          infiniplex_forest_lined_room_2, infiniplex_forest_diagonal
D:3:      wad_river_or_something, layout_loops_corners, serial_shops,
          nicolae_shop_behind_doors, uniq_terence

Skill      XL: |  1  2  3 |
---------------+----------+-----
Axes           | 3 4 |  4.9
Armour         | 4 |  4.6
Shields        | 4 |  4.5
Fighting       | |  3.6

Action                   |  1- 3 |  4- 6 || total
-------------------------+-------+-------++-------
Melee: War axe           |    91 |   118 ||   209
  Use: Scroll            |       |     6 ||     6
       Potion            |       |     2 ||     2
Armor: Scale mail        |    53 |    48 ||   101
Dodge: Dodged            |    45 |    29 ||    74
Block: Kite shield       |    66 |    61 ||   127
